 Dungeon Crawl Stone Soup version 0.16.2-2-g470672f (webtiles) character file.

85 CrazyArbalest the Bolt Thrower (level 4, -1/36 HPs)
             Began as a Centaur Hunter on Aug 22, 2015.
             Slain by a gnoll
             ... wielding a +0 spear
              (3 damage)
             ... on level 2 of the Dungeon.
             The game lasted 00:06:22 (2023 turns).

CrazyArbalest the Bolt Thrower (Centaur Hunter)     Turns: 2023, Time: 00:06:22

Health: -1/36      AC:  4    Str: 14    XL:     4   Next: 25%
Magic:  3/3        EV:  5    Int: 10    God:
Gold:   68         SH:  0    Dex: 11    Spells: 0 memorised, 3 levels left

rFire  . . .     SeeInvis .     a - +0 flail
rCold  . . .     Clarity  .     d - +0 leather armour
rNeg   . . .     SustAb   .     (no shield)
rPois  .         Gourm    .     (no helmet)
rElec  .         Spirit   .     (no cloak)
rCorr  .         Warding  .     (no gloves)
rMut   .         Stasis   .     (no barding)
MR     .....                    (no amulet)
Stlth  +.........               (no ring)
                                (no ring)

@: held, very quick, not resistant to hostile enchantments, very unstealthy
A: hooves 3, deformed body, speed 2, tough skin 3
a: no special abilities


You were on level 2 of the Dungeon.
You were not hungry.

You visited 1 branch of the dungeon, and saw 2 of its levels.

You collected 68 gold pieces.

Inventory:

Hand weapons
 a - a +0 flail (weapon)
 b - a +1 hand crossbow
 j - a +0 dagger of holy wrath
 o - a +0 mace
Missiles
 c - 18 bolts
Armour
 d - a +0 leather armour (worn)
Scrolls
 e - 2 scrolls of remove curse {unknown}
 i - 7 scrolls of identify {unknown}
 l - a scroll of fear {unknown}
 m - a scroll of fog {unknown}
 n - a scroll of enchant armour {unknown}
 p - a scroll of amnesia {unknown}
 s - a scroll of magic mapping {unknown}
Potions
 g - 3 potions of restore abilities {unknown}
 h - a potion of invisibility {unknown}
 k - a potion of curing {unknown}
 r - 2 potions of degeneration {unknown}
 t - a potion of ambrosia {unknown}
Books
 u - a book of Maledictions

   Spells                             Type                      Level
   a - Corona                         Hexes                        1
   b - Sure Blade                     Hexes/Charms                 2
   c - Ensorcelled Hibernation        Hexes/Ice                    2
   d - Confuse                        Hexes                        3
   e - Dazzling Spray                 Conjuration/Hexes            3
   f - Enslavement                    Hexes                        4
Comestibles
 f - 2 bread rations


   Skills:
 + Level 2.2 Fighting
 + Level 0.5 Maces & Flails
 * Level 5.4 Crossbows
 + Level 1.0 Armour
 + Level 1.6 Dodging
 + Level 0.7 Stealth


You had 3 spell levels left.
You didn't know any spells.

Dungeon Overview and Level Annotations

Branches:
Dungeon (2/15)

Altars:


Innate Abilities, Weirdness & Mutations

You have hooves in place of feet.
Armour fits poorly on your strangely shaped body.
You cover ground very quickly.
You have extremely tough skin (AC +3).


Message History

The gnoll hits you with a spear.
* * * LOW HITPOINT WARNING * * *
You sock the gnoll!
You kill the gnoll!
The gnoll hits you.
* * * LOW HITPOINT WARNING * * *
Things that are here:
a whip; a scroll labeled ZUNKUI LURYSO; 5 gold pieces
Things that are here:
a dagger; a stone You start resting.
The gnoll hits you from afar with a spear.
* * * LOW HITPOINT WARNING * * *
The gnoll throws a throwing net.
The throwing net hits you.
You become entangled in the net!
You see here a throwing net.
You struggle against the net.
You struggle against the net.
The gnoll hits you from afar with a spear.
You die...

#g# #.#####...##.#.## #.###
#.#.....#..#.#... #...#
###.#.###....#..... #.#.#
.....).###..#..### ##.#.####
##....#.###..#..### #.......#
##.......P.......... #..#.##.#
#.......P.....##.#..
#..#.##.######.......P.....##....
#.............g.@..........##....
#.##.##.#######........##..#.....
#.#..........###....#..##........
#.......####..(...#.......##.....
######### ##########†.######....
#..# ##... #..# ##.. #..# ##.
#### ##


You could see a gnoll.

Vanquished Creatures
  2 adders (D:2)
  2 gnolls (D:2)
  A worm (D:2)
  A giant gecko (D:2)
  4 bats
  A bat skeleton (D:2)
  A bat zombie (D:2)
  2 giant cockroaches (D:1)
  4 hobgoblins
  10 kobolds
  A giant gecko skeleton (D:2)
  A giant newt (D:1)
  3 goblins
  A quokka zombie (D:2)
  6 rats
40 creatures vanquished.

Notes
Turn   | Place    | Note
--------------------------------------------------------------
     0 | D:1      | CrazyArbalest, the Centaur Hunter, began the quest for the Orb.
     0 | D:1      | Reached XP level 1. HP: 17/17 MP: 1/1
   280 | D:1      | Reached XP level 2. HP: 21/24 MP: 2/2
   557 | D:1      | Reached skill level 5 in Crossbows
  1038 | D:2      | Reached XP level 3. HP: 29/29 MP: 3/3
  1978 | D:2      | Reached skill level 1 in Armour
  1981 | D:2      | Reached XP level 4. HP: 24/36 MP: 3/3
  2023 | D:2      | Slain by a gnoll

Action                   |  1- 3 |  4- 6 || total
-------------------------+-------+-------++-------
Melee: Mace              |    43 |       ||    43
       Flail             |    58 |     5 ||    63
 Fire: Hand crossbow     |    11 |       ||    11
  Eat: Chunk             |     2 |       ||     2
